 Dungeon Crawl Stone Soup version 0.30.2 (webtiles) character file.

Game seed: 15589764626391968106

5418 porpoise the Skirmisher (level 10, -5/83 HPs)
             Began as a Barachi Hunter on Mar 23, 2024.
             Was a Believer of Cheibriados.
             Slain by a spark wasp (shapeshifter) (10 damage)
             ... on level 8 of the Dungeon.
             The game lasted 00:26:17 (10110 turns).

porpoise the Skirmisher (Barachi Hunter)           Turns: 10110, Time: 00:26:19

Health: -5/83      AC: 11    Str: 17    XL:     10   Next: 67%
Magic:  12/12      EV: 25    Int: 14    God:    Cheibriados [**....]
Gold:   456        SH:  0    Dex: 23    Spells: 9/9 levels left

rFire   . . .        a - +1 shortbow
rCold   . . .        (shield currently unavailable)
rNeg    . . .        e - +3 leather armour {rPois}
rPois   +            o - +0 helmet
rElec   .            h - +1 cloak
rCorr   .            (no gloves)
SInv    .            w - +0 pair of boots
Will    .....        (no amulet)
Stlth   ++           k - +5 ring of evasion
HPRegen 0.33/turn    g - +5 ring of evasion
MPRegen 0.13/turn

%: no passive effects
@: studying Earth Magic, very slow
A: amphibious, slowness 1, strong legs 1, +LOS
a: Hop, Renounce Religion, Bend Time


You were on level 8 of the Dungeon.
You worshipped Cheibriados.
Cheibriados was pleased with you.
You visited 2 branches of the dungeon, and saw 9 of its levels.
You also visited: Sewer and Bailey.

You collected 456 gold pieces.

Inventory:

Hand Weapons
 a - a +1 shortbow (weapon)
 b - the +9 hammer of Wiam {flame, Str+2}
   (You found it on level 7 of the Dungeon)

   Str:       It affects your strength (+2).
 c - a +0 short sword
 R - a +1 whip of electrocution
Missiles
 i - 2 javelins
 m - 3 atropa-tipped darts
 n - a curare-tipped dart
 x - 21 poisoned darts
 L - 13 throwing nets
 M - 5 boomerangs
Armour
 e - a +3 leather armour of poison resistance (worn)
 h - a +1 cloak (worn)
 o - a +0 helmet (worn)
 w - a +0 pair of boots (worn)
 C - the scarf of the Marlin {+Inv, +Blink Will++}
   (You found it on level 8 of the Dungeon)

   +Blink:    It lets you blink.
   Will:      It greatly increases your willpower.
 G - a scarf of repulsion
Jewellery
 g - a +5 ring of evasion (right hand)
 k - a +5 ring of evasion (left hand)
 l - a ring of wizardry
 I - the ring "Yneloh" {rPois Int+2}
   (You took it off a gnoll bouda in a bailey)

   [ring of poison resistance]

   Int:       It affects your intelligence (+2).
   rPois:     It protects you from poison.
Wands
 d - a wand of iceblast (4)
 v - a wand of polymorph (28)
 K - a wand of paralysis (14)
 O - a wand of flame (32)
Scrolls
 j - 5 scrolls of teleportation
 q - 6 scrolls of enchant weapon
 y - a scroll of vulnerability
 A - 2 scrolls of noise
 B - a scroll of immolation
 E - 2 scrolls of blinking
Potions
 f - 3 potions of flight
 p - a potion of lignification {unknown}
 r - 2 potions of cancellation
 s - 5 potions of heal wounds
 t - 2 potions of attraction {unknown}
 u - 5 potions of might
 z - a potion of haste {unknown}
 D - a potion of magic {unknown}
 F - 4 potions of brilliance
 H - 3 potions of curing {unknown}
 N - a potion of resistance {unknown}
 P - a potion of degeneration {unknown}
Miscellaneous
 J - a phial of floods


   Skills:
 - Level 9.0 Fighting
 - Level 12.0 Ranged Weapons
 + Level 5.2 Armour
 + Level 5.4 Dodging
 - Level 0.8 Stealth
 * Level 3.7 Invocations


You had 9 spell levels left.
You didn't know any spells.
Your spell library contained the following spells:

 Spells                   Type           Power      Damage    Failure   Level
 Apportation              Tloc           0%         N/A       34%         1
 Freeze                   Ice            0%         1d3       34%         1
 Necrotise                Necr           0%         1d4       34%         1
 Summon Small Mammal      Summ           0%         N/A       34%         1
 Poisonous Vapours        Pois/Air       0%         N/A       45%         2
 Sublimation of Blood     Necr           0%         N/A       45%         2
 Mephitic Cloud           Conj/Pois/Air  0%         N/A       71%         3
 Petrify                  Tmut/Erth      0%         N/A       98%         4
 Summon Ice Beast         Ice/Summ       0%         N/A       98%         4
 Freezing Cloud           Conj/Ice/Air   0%         6-21      100%        5
 Irradiate                Conj/Tmut      0%         3d11      100%        5
 Metabolic Englaciation   Hex/Ice        0%         N/A       100%        5
 Simulacrum               Ice/Necr       0%         N/A       100%        6
 Statue Form              Tmut/Erth      0%         N/A       100%        6
 Polar Vortex             Ice            0%         N/A       100%        9


Dungeon Overview and Level Annotations

Branches:
Dungeon (8/15)             Temple (1/1) D:7           Sewer (visited)
 Bailey (visited)
   Lair: D:8-11

Altars:
Ashenzari
Cheibriados
Dithmenos
Gozag
Hepliaklqana
Kikubaaqudgha
Makhleb
Nemelex Xobeh
Okawaru
Qazlal
Ru
Sif Muna
Trog
Uskayaw
Vehumet
Wu Jian
Yredelemnul
Zin
The Shining One

Annotations:
Temple 2 transporters


Innate Abilities, Weirdness & Mutations

You are amphibious.
You cover ground slowly.
You can hop short distances.
You have an extended range of vision and can be seen from far away.


Message History

The spark wasp is heavily wounded.
The spark wasp misses you.
You shoot an arrow. The arrow hits the spark wasp.
The spark wasp is heavily wounded.
The spark wasp stings you!! The spark wasp shocks you!
* * * LOW HITPOINT WARNING * * *
The spark wasp misses you.
You shoot an arrow. The arrow barely misses the spark wasp.
The arrow hits the fire elemental!
The fire elemental is moderately damaged.
The bat zombie hits you but does no damage.
The spark wasp misses you.
You shoot an arrow. The arrow hits the spark wasp!
The spark wasp is severely wounded.
The bat zombie misses you. The bat zombie closely misses you.
The spark wasp stings you.
* * * LOW HITPOINT WARNING * * *
The spark wasp shocks you!
* * * LOW HITPOINT WARNING * * *
The bat zombie completely misses you.
You shoot an arrow.
The arrow hits the spark wasp but does no damage.
The spark wasp is heavily wounded.
The bat zombie barely misses you. The spark wasp misses you.
The bat zombie completely misses you.
The deep elf pyromancer casts a spell.
The deep elf pyromancer blinks!
The spark wasp barely misses you.
You shoot an arrow.
The arrow closely misses the spark wasp.
The arrow hits the fire elemental!
The fire elemental is almost destroyed.
The bat zombie completely misses you. x2; The spark wasp completely misses you.
The bat zombie completely misses you.
You shoot an arrow. The arrow misses the spark wasp.
The arrow closely misses the fire elemental.
The arrow misses the fire elemental.
The arrow hits the deep elf pyromancer but does no damage.
The deep elf pyromancer is heavily wounded.
The bat zombie barely misses you. The spark wasp stings you!
You die...

**..* ***,,,,,*** #.##..* ***
*#.# *##*,****** #.##.#* #.#
**#.#****,..** *,,**#.##.# #.#**
,,..#*,**,♣.* *,*,*#.##.# #..,,
**#.#,*,*,*.♣♣♣♣,**,#.##.# #.#*,
#.#***,,*♣.♣.♣*,**#.##.# #.#*,
##.# ***♣♣..♣,,,* #.##.# #.#*,
#..#######..E#######.##.# #.#*,
#......e.)..EEy@Z....##.# #.###
#...#.##.###o##########.####.##.
##....##○# #.# ##........##.
####.####.# #.#
#####.........##. .....# #.#
#.###.....#####...... ...### #.#
#.##..#####...#####.. ##.# #.#
#....('....._.....'.# #.# #.#
#.....#####...#####.. #.# #.#
#.###.....#####.....#


You could see a spark wasp, a deep elf pyromancer, 3 fire elementals, an orc and
a bat zombie.

Vanquished Creatures
  A two-headed ogre (D:8)
  A yak (D:5)
  A steam dragon (D:6)
  Grum (Bailey)
  2 vampire mosquitoes (D:7)
  4 water moccasins
  An ice beast (D:6)
  2 black bears
  An ogre (D:7)
  4 wolves (Bailey)
  A centaur (D:8)
  3 phantoms
  4 kobold brigands
  4 bullfrogs
  7 gnoll sergeants (Bailey)
  2 scorpions
  5 wights
  A vampire bat (D:8)
  8 hounds
  4 jellies
  Crazy Yiuf (D:7)
  7 gnoll boudas
  2 sleepcaps
  An iguana (D:6)
  Ijyb (D:4)
  8 orc wizards
  Robin (D:2)
  21 gnolls
  11 adders
  A river rat (Sewer)
  A white imp (D:8)
  6 worms
  A dart slug (D:4)
  21 orcs
  A bat skeleton (D:8)
  A bat zombie (D:8)
  8 endoplasms
  5 giant cockroaches
  9 hobgoblins
  2 jackals (D:3)
  2 quokkas (D:1)
  14 ball pythons
  5 bats
  6 frilled lizards
  13 goblins
  15 kobolds
  7 rats
228 creatures vanquished.

Notes
Turn   | Place    | Note
-------+----------+-------------------------------------------
     0 | D:1      | porpoise the Barachi Hunter began the quest for the Orb.
     0 | D:1      | Reached XP level 1. HP: 17/17 MP: 1/1
   157 | D:1      | Reached XP level 2. HP: 23/23 MP: 2/2
   494 | D:1      | Found a faded altar of an unknown god.
  1100 | D:2      | Reached XP level 3. HP: 29/29 MP: 3/3
  1100 | D:2      | Noticed Robin
  1121 | D:2      | Killed Robin
  1350 | D:2      | Reached skill level 5 in Ranged Weapons
  1389 | D:2      | Reached XP level 4. HP: 35/35 MP: 4/4
  1972 | D:3      | Reached XP level 5. HP: 37/42 MP: 5/5
  3353 | D:4      | Noticed Ijyb
  3362 | D:4      | Killed Ijyb
  3363 | D:4      | Reached skill level 6 in Ranged Weapons
  3427 | D:4      | Noticed a black bear
  3437 | D:4      | Killed a black bear
  3438 | D:4      | Reached XP level 6. HP: 43/50 MP: 6/6
  3525 | D:4      | Found a glowing drain.
  3547 | Sewer    | Entered a sewer
  3604 | Sewer    | Reached skill level 5 in Fighting
  3822 | Sewer    | Reached skill level 7 in Ranged Weapons
  3872 | Sewer    | Reached XP level 7. HP: 56/56 MP: 7/7
  4161 | D:4      | Found a radiant altar of Vehumet.
  4966 | D:4      | Found a sacrificial altar of Ru.
  5174 | D:5      | Entered Level 5 of the Dungeon
  5175 | D:5      | Noticed a yak
  5241 | D:5      | Killed a yak
  5242 | D:5      | Reached skill level 8 in Ranged Weapons
  5242 | D:5      | Reached XP level 8. HP: 15/65 MP: 8/8
  5703 | D:5      | Found a glowing silver altar of Zin.
  5728 | D:5      | Found a sparkling altar of Nemelex Xobeh.
  5873 | D:6      | Found an opulent altar of Gozag.
  5930 | D:6      | Reached skill level 9 in Ranged Weapons
  6434 | D:6      | Found a broken altar of Ashenzari.
  6488 | D:6      | Reached skill level 10 in Ranged Weapons
  6488 | D:6      | Reached XP level 9. HP: 64/74 MP: 9/9
  6521 | D:6      | Found a hazy altar of Hepliaklqana.
  7079 | D:6      | Found a bloodstained altar of Trog.
  7516 | D:7      | Found a sparkling altar of Nemelex Xobeh.
  7627 | D:7      | Reached skill level 11 in Ranged Weapons
  7902 | D:7      | Reached skill level 1 in Armour
  7991 | D:7      | Found a runed translucent door.
  7992 | D:7      | Noticed Crazy Yiuf
  7998 | D:7      | Killed Crazy Yiuf
  8049 | D:7      | Identified the +9 hammer of Wiam {flame, Str+2}
  8123 | D:7      | Found a burning altar of Makhleb.
  8123 | D:7      | Noticed a blizzard demon
  8135 | D:7      | Found a hazy altar of Hepliaklqana.
  8315 | D:7      | Found a staircase to the Ecumenical Temple.
  8325 | Temple   | Entered the Ecumenical Temple
  8325 | Temple   | Found a transporter.
  8325 | Temple   | Found a transporter.
  8326 | Temple   | Found a transporter.
  8326 | Temple   | Found a transporter.
  8351 | Temple   | Became a worshipper of Cheibriados the Contemplative
  8597 | D:8      | Noticed a two-headed ogre
  8611 | D:8      | Killed a two-headed ogre
  8612 | D:8      | Reached skill level 12 in Ranged Weapons
  8612 | D:8      | Reached XP level 10. HP: 52/83 MP: 10/10
  8656 | D:8      | Found a basalt altar of Yredelemnul.
  8664 | D:8      | Identified the scarf of the Marlin {+Inv, +Blink Will++}
  8685 | D:8      | Found a flagged portal.
  8692 | Bailey   | Entered a bailey
  9185 | Bailey   | Identified the ring "Yneloh" {rPois Int+2}
  9189 | Bailey   | Reached skill level 1 in Invocations
  9195 | Bailey   | Reached * piety under Cheibriados
  9395 | Bailey   | Noticed Grum
  9432 | Bailey   | Killed Grum
  9482 | Bailey   | Reached skill level 5 in Dodging
  9616 | Bailey   | Got the Compilation of Phantasmal Cold
  9739 | D:8      | Found a glowing golden altar of the Shining One.
  9919 | D:8      | Reached skill level 5 in Armour
  9936 | D:8      | Reached ** piety under Cheibriados
 10036 | D:8      | Found an ancient bone altar of Kikubaaqudgha.
 10089 | D:8      | Noticed a deep elf pyromancer
 10093 | D:8      | Noticed a spark wasp
 10107 | D:8      | HP: 4/83 [spark wasp (shapeshifter) (14)]
 10110 | D:8      | Slain by a spark wasp (shapeshifter)

Illustrated notes

Levels and vault maps discovered:
D:1:      sevenhm_arrival_forest_fort_large_4, layout_basic,
          hellmonk_ecumenical_altar_zigzags, minmay_pentomino_r4
D:2:      layout_basic, uniq_robin
D:3:      layout_basic
D:4:      layout_layer_cave, nicolae_ru_path_of_blood,
          mainiacjoe_overflow_boulevard, cheibrodos_sewer_entry_drain, uniq_ijyb
D:5:      layout_rooms, nemelex_spade_bored_becter,
          mainiacjoe_overflow_alcove_1, eino_curves_03, minmay_manual_mail
D:6:      layout_layer_cave, mainiacjoe_overflow_six_doors_small, bloody_trog,
          nicolae_gozag_cash_rules_everything_around_me, lemuel_tele_altar,
          serial_park_tiny_pond
D:7:      layout_rooms, makhleb_altar_promises_db, temple_fountains,
          hangedman_feature_mirror, chequers_serial_rivers_small_b,
          uniq_crazy_yiuf_cottage
D:8:      nzn_winding_woodlands_small [nzn_winding_woodlands_5x15_jagged,
          nzn_winding_woodlands_center_garden,
          nzn_winding_woodlands_5x15_pathside_ponds], layout_loops_ring,
          kennysheep_vampire_church, mainiacjoe_overflow_alcove_2,
          mainiacjoe_overflow_surrounded_room, serial_shops,
          nicolae_shop_back_alley_shop, enter_bailey_2
Temple:   hellmonk_temple_divided_pantheon

Skill      XL: |  1  2  3  4  5  6  7  8  9 10 |
---------------+-------------------------------+-----
Fighting       | 3 4 5 6 8 9 |  9.0
Ranged Weapons | 5 6 7 8 10 12 | 12.0
Armour         | 3 5 |  5.2
Dodging        | 4 5 |  5.4
Invocations    | 3 |  3.7
Stealth        | |  0.8

Action                     |  1- 3 |  4- 6 |  7- 9 | 10-12 || total
---------------------------+-------+-------+-------+-------++-------
  Melee: Short sword       |       |     9 |       |       ||     9
         Mace              |       |       |     4 |       ||     4
         Whip              |       |       |     1 |       ||     1
   Fire: Shortbow          |   106 |   181 |   350 |   286 ||   923
    Use: Scroll            |       |     9 |     8 |     1 ||    18
         Potion            |       |       |     1 |       ||     1
 Armour: Leather armour    |     9 |    16 |    24 |    24 ||    73
  Dodge: Dodged            |    22 |    39 |   262 |   152 ||   475
